 Dungeon Sprint DCSS version 0.29.1-12-g30fa7ad0bf (webtiles) character file.

Game seed: 5436630534249402487

5541 Groucho the Unseen (level 10, -16/44 HPs)
             Began as a Spriggan Enchanter on Dec 27, 2022.
             Was a Priest of Dithmenos.
             Killed from afar by a crystal guardian (57 damage)
             ... with a crystal bolt
             ... in the Dungeon (Sprint II: "The Violet Keep of Menkaure").
             The game lasted 00:06:26 (1298 turns).

Groucho the Unseen (Spriggan Enchanter)             Turns: 1298, Time: 00:06:27

Health: -16/44     AC:  2    Str:  8    XL:     10   Next: 43%
Magic:  28/29      EV: 21    Int: 24    God:    Dithmenos [***...]
Gold:   372        SH:  0    Dex: 15    Spells: 19/37 levels left

rFire   . . .      SeeInvis +   a - +1 dagger
rCold   . . .      Faith    .   (no shield)
rNeg    . . .      Spirit   .   b - +0 robe
rPois   .          Reflect  .   (helmet restricted)
rElec   .          Harm     .   (no cloak)
rCorr   .          Rampage  .   (gloves unavailable)
Will    +....      NoTele   +   (boots unavailable)
Stlth   +++++++++.              (no amulet)
HPRegen 0.14/turn               f - +6 ring of intelligence
MPRegen 0.21/turn               (no ring)

@: wreathed by umbra, very quick
A: very small, no large weapons, unfitting armour, see invisible, speed 3
a: Renounce Religion, Shadow Step


You were in the Dungeon.
You worshipped Dithmenos.
Dithmenos was most pleased with you.
You visited 1 branch You collected 984 gold pieces.
You spent 612 gold pieces at shops.

Inventory:

Hand Weapons
 a - a +1 dagger (weapon)
Armour
 b - a +0 robe (worn)
Jewellery
 f - a +6 ring of intelligence (left hand)
Potions
 c - a potion of invisibility
 d - a potion of curing
 g - 2 potions of magic
 h - a potion of berserk rage


   Skills:
 - Level 10.0 Short Blades
 + Level 8.6 Dodging
 - Level 16.0 Stealth
 - Level 14.0 Spellcasting
 * Level 6.7 Conjurations
 - Level 14.0 Hexes
 * Level 8.2 Earth Magic


You had 19 spell levels left.
You knew the following spells:

 Your Spells              Type           Power      Damage    Failure   Level
a - Ensorcelled Hibernat  Hex/Ice        100%       N/A       1%          2
b - Confusing Touch       Hex            71%        N/A       1%          3
c - Dazzling Flash        Conj/Hex       100%       N/A       1%          3
d - Tukima's Dance        Hex            71%        N/A       1%          3
e - Passwall              Tmut/Erth      30%        N/A       1%          2
f - Stone Arrow           Conj/Erth      100%       3d13      1%          3
g - Sandblast             Erth           100%       2d20      1%          1
h - Apportation           Tloc           32%        N/A       3%          1

Your spell library contained the following spells:

 Spells                   Type           Power      Damage    Failure   Level
 Necrotise                Necr           64%        1d7       3%          1
 Summon Small Mammal      Summ           64%        N/A       3%          1


Dungeon Overview and Level Annotations

Branches:
Dungeon (1/1)

Altars:
Cheibriados
Dithmenos
Elyvilon
Fedhas
Gozag
Hepliaklqana
Kikubaaqudgha
Makhleb
Nemelex Xobeh
Okawaru
Qazlal
Ru
Sif Muna
Trog
Uskayaw
Vehumet
Wu Jian
Xom
Yredelemnul
Zin
The Shining One
Jiyva
Lugonu

Shops:
D =:!:![([:=[[!=?

Annotations:
D exclusions: oklob plant and orange crystal statue


Innate Abilities, Weirdness & Mutations

You are very small and have problems with some larger weapons.
You are too small for most types of armour.
You have supernaturally acute eyesight. (SInv)
You cover ground extremely quickly. (Speed+++)


Message History

You see here a death yak corpse.
You pick up a book of Cantrips and begin reading...
You add the spells Necrotise, Summon Small Mammal and Apportation to your library.
Okay, then.
You now have 291 gold pieces (gained 12).
You now have 372 gold pieces (gained 81).
You see here a death yak corpse.
Memorise Apportation, consuming 1 spell level and leaving 19?
You start memorising the spell.
You continue memorising.
You finish memorising.
Spell assigned to 'h'.
There is an open door here.
Okay, then.
You start resting.
Magic restored.
You start resting.
HP restored.
A crystal guardian comes into view.
Found 3 puce potions.
Casting: Ensorcelled Hibernation (safe; 1% risk of failure)
Confirm with . or Enter, or press ? or * to list all spells.
Aiming: Ensorcelled Hibernation (safe; 1% risk of failure)
Press: ? - help, Shift-Dir - straight line, f - death drake
Aim: a death drake (wandering, hasn't noticed you, umbra, chance to affect: 54%)
The death drake hisses angrily.
The death drake looks drowsy...
The helpless death drake fails to defend itself.
You perforate the death drake like a sieve!!!!
You kill the death drake!
Dithmenos accepts your kill. The crystal guardian hits you!!
Ouch! That really hurt!
You emit a cloud of dark smoke.
Your Earth Magic skill increases to level 8!
Unknown command.
You see here a swamp drake corpse.
You feel much better.
The crystal guardian fires a crystalline bolt at you.
The crystal bolt burns you!!!
Ouch! That really hurt!
You die...

§≈≈ .^..### +++#+++## ^..#!##
........# ..#§§# .##+##..
####.#§§#
##.#.##.####.†'^##§# #†.#.†#
...#..#..9####
###.#####..#####†^##.#
###'###.##..#.†'..#..#
.##.##...#..#..#@.#..# ?![
#'.<.'##.'..####.†##)#▓$$[)
.##.##...#....###...##▓▓▓▓▓▓
###'###.##......~§~~~~~~~~~~
##...####~~.§...~#+########+#
#..#..#§§~~~§~.§~#_._._...#~§
##. .##~§~§§§~§.~#._._._._#§§
~## ##~~~≈§≈~~~~~#_._._._.#~§
~~ ~~~~~~§§≈§≈§§~#._._._._#~~


You could see a crystal guardian.

Vanquished Creatures
  2 boulder beetles (D)
  A death yak (D)
  2 death drakes (D)
  A merfolk siren (D)
  A yaktaur (D)
  A hornet (D)
  3 polar bears (D)
  3 wyverns (D)
  Menkaure (D)
  A water moccasin (D)
  2 swamp drakes (D)
  4 necrophages (D)
  4 scorpions (D)
26 creatures vanquished.

Notes
Turn   | Place    | Note
-------+----------+-------------------------------------------
     0 | D        | Groucho the Spriggan Enchanter began the quest for the Orb.
     0 | D        | Reached XP level 1. HP: 9/9 MP: 5/5
     3 | D        | Noticed a boulder beetle
     3 | D        | Noticed a boulder beetle
     6 | D        | Noticed a scorpion
     6 | D        | Noticed a scorpion
     8 | D        | Noticed a scorpion
     8 | D        | Noticed a scorpion
    10 | D        | Killed a scorpion
    11 | D        | Reached skill level 7 in Stealth
    11 | D        | Reached skill level 5 in Spellcasting
    11 | D        | Reached skill level 5 in Hexes
    11 | D        | Reached XP level 2. HP: 13/13 MP: 6/9
    11 | D        | Reached XP level 3. HP: 16/16 MP: 6/10
    12 | D        | Killed a scorpion
    13 | D        | Reached skill level 5 in Short Blades
    13 | D        | Reached skill level 8 in Stealth
    13 | D        | Reached XP level 4. HP: 21/21 MP: 7/13
    14 | D        | Noticed an orange crystal statue
    17 | D        | Killed a scorpion
    18 | D        | Reached skill level 9 in Stealth
    18 | D        | Reached XP level 5. HP: 24/24 MP: 7/15
    25 | D        | Reached skill level 10 in Stealth
    34 | D        | Reached XP level 6. HP: 28/28 MP: 9/18
    35 | D        | Reached skill level 11 in Stealth
    41 | D        | Reached skill level 12 in Stealth
    49 | D        | Noticed a merfolk siren
    64 | D        | Learned a level 2 spell: Ensorcelled Hibernation
    68 | D        | Learned a level 3 spell: Confusing Touch
    72 | D        | Learned a level 3 spell: Dazzling Flash
    76 | D        | Learned a level 3 spell: Tukima's Dance
    89 | D        | Killed a merfolk siren
    90 | D        | Reached skill level 13 in Stealth
    90 | D        | Reached skill level 10 in Spellcasting
    90 | D        | Reached skill level 10 in Hexes
    90 | D        | Reached XP level 7. HP: 27/32 MP: 5/21
   332 | D        | Killed a boulder beetle
   333 | D        | Reached skill level 10 in Short Blades
   333 | D        | Reached skill level 15 in Stealth
   333 | D        | Reached XP level 8. HP: 36/36 MP: 21/24
   335 | D        | Killed a boulder beetle
   336 | D        | Reached skill level 16 in Stealth
   336 | D        | Reached XP level 9. HP: 39/39 MP: 21/27
   342 | D        | Found Wukhlon's Magic Scroll Emporium.
   342 | D        | Found Cadghoito's Jewellery Shoppe.
   342 | D        | Found Atsy's Distillery.
   342 | D        | Found Nihu's Jewellery Shoppe.
   342 | D        | Found Jyzexko's Book Emporium.
   342 | D        | Found Ihomn's Antique Armour Emporium.
   342 | D        | Found Lyonil's Antique Armour Shoppe.
   343 | D        | Found Meraaqoh's Antique Weapon Emporium.
   343 | D        | Found Ulemaeh's Armour Shoppe.
   343 | D        | Found Buurgh's Distillery.
   344 | D        | Found Hiolee Okha's Armour Emporium.
   344 | D        | Noticed Menkaure
   366 | D        | Killed Menkaure
   372 | D        | Found Samin's Book Shoppe.
   372 | D        | Found Kesefics's Distillery.
   372 | D        | Noticed an oklob plant
   373 | D        | Found Reguf's Jewellery Shoppe.
   373 | D        | Found Olesoeth's Book Shoppe.
   377 | D        | Noticed an iron elemental
   392 | D        | Bought a book of Geomancy for 180 gold pieces
   395 | D        | Learned a level 2 spell: Passwall
   399 | D        | Learned a level 3 spell: Stone Arrow
   401 | D        | Learned a level 1 spell: Sandblast
   433 | D        | Bought a +6 ring of intelligence for 432 gold pieces
   465 | D        | Found an iron altar of Okawaru.
   465 | D        | Found an opulent altar of Gozag.
   466 | D        | Found a sparkling altar of Nemelex Xobeh.
   466 | D        | Found a blossoming altar of Fedhas.
   467 | D        | Found a burning altar of Makhleb.
   467 | D        | Found a white marble altar of Elyvilon.
   467 | D        | Found a radiant altar of Vehumet.
   468 | D        | Found a corrupted altar of Lugonu.
   468 | D        | Found a shadowy altar of Dithmenos.
   468 | D        | Found a hide-covered altar of Uskayaw.
   469 | D        | Found an ancient bone altar of Kikubaaqudgha.
   469 | D        | Found a bloodstained altar of Trog.
   469 | D        | Found a snail-covered altar of Cheibriados.
   469 | D        | Found a glowing silver altar of Zin.
   470 | D        | Found a viscous altar of Jiyva.
   470 | D        | Found a shimmering blue altar of Sif Muna.
   470 | D        | Found a basalt altar of Yredelemnul.
   475 | D        | Found a sacrificial altar of Ru.
   475 | D        | Found a stormy altar of Qazlal.
   475 | D        | Found an ornate altar of the Wu Jian Council.
   475 | D        | Found a hazy altar of Hepliaklqana.
   475 | D        | Found a shimmering altar of Xom.
   475 | D        | Found a glowing golden altar of the Shining One.
   475 | D        | Noticed an obsidian statue
   479 | D        | Became a worshipper of Dithmenos the Shadowed
   482 | D        | Noticed a polar bear
   884 | D        | Noticed a yaktaur
   885 | D        | Noticed a polar bear
   885 | D        | Noticed a polar bear
   886 | D        | Killed a polar bear
   887 | D        | Reached skill level 1 in Conjurations
   902 | D        | Killed a polar bear
   905 | D        | Reached * piety under Dithmenos
   911 | D        | Killed a yaktaur
   912 | D        | Reached skill level 5 in Dodging
   916 | D        | Killed a polar bear
  1109 | D        | Noticed a death drake
  1112 | D        | Noticed a death drake
  1144 | D        | Reached ** piety under Dithmenos
  1145 | D        | Reached skill level 5 in Earth Magic
  1152 | D        | Killed a death drake
  1153 | D        | Reached XP level 10. HP: 39/44 MP: 25/29
  1219 | D        | Reached skill level 5 in Conjurations
  1224 | D        | Reached *** piety under Dithmenos
  1230 | D        | Noticed a death yak
  1232 | D        | Killed a death yak
  1243 | D        | Learned a level 1 spell: Apportation
  1289 | D        | Noticed a crystal guardian
  1292 | D        | Killed a death drake
  1298 | D        | Killed from afar by a crystal guardian

Illustrated notes

Levels and vault maps discovered:
D:        the_violet_keep_of_menkaure [sprint2_stairs_cluster_1,
          sprint2_shoproom, sprint2_temple, sprint2_basic_supplies,
          sprint2_obstacle_6, sprint2_obstacle_3, sprint2_obstacle_4,
          sprint2_obstacle_1, sprint2_obstacle_2, sprint2_timed_cluster_1,
          sprint2_smallroom_cluster_1, sprint2_smallroom_final_cluster_1,
          sprint2_transparent_cluster_1, sprint2_second_timed_cluster_1,
          sprint2_sniper_area_1, sprint2_heavy_combat_area_1,
          sprint2_mutation_trap_area_1, sprint2_forest_area_1,
          sprint2_light_combat_area_1, sprint2_behind_water_1,
          sprint2_near_end_vault_1]

Skill      XL: |  1  2  3  4  5  6  7  8  9 10 |
---------------+-------------------------------+-----
Short Blades   | 4 5 7 9 10 | 10.0
Stealth        | 7 8 9 10 13 15 16 | 16.0
Spellcasting   | 5 6 7 8 10 11 13 14 | 14.0
Hexes          | 5 6 7 8 10 12 13 14 | 14.0
Dodging        | 6 8 |  8.6
Conjurations   | 4 6 |  6.7
Earth Magic    | 6 8 |  8.2

Action                   |  1- 3 |  4- 6 |  7- 9 | 10-12 || total
-------------------------+-------+-------+-------+-------++-------
Melee: Dagger            |     3 |    14 |    36 |     6 ||    59
       Punch             |       |       |     1 |       ||     1
 Cast: Ensorcelled Hiber |       |     2 |    10 |     5 ||    17
       Tukima's Dance    |       |     2 |       |       ||     2
       Confusing Touch   |       |       |     4 |       ||     4
       Passwall          |       |       |     2 |       ||     2
  Use: Potion            |     2 |       |       |     1 ||     3
       Scroll            |       |       |     1 |       ||     1
 Stab: Sleeping          |     2 |     5 |     7 |     6 ||    20
       Invisible         |     1 |     2 |       |       ||     3
       Confused          |       |       |     4 |       ||     4
Armor: Robe              |       |       |     2 |       ||     2
Dodge: Dodged            |     2 |     4 |    21 |       ||    27
